AoeStats
← Foster

Migration

509275450Analyzed
1v1 RM · 6d ago on Sep 26, 2026· 76m 4s· 2 players
Game mode
Random Map
Map size
132×132
Population
200
Speed
Normal
Resources
Standard
Victory
Conquest
Starting age
Dark Age
Ending age
Imperial Age
RankedLock teamsTeams togetherTeam positionsShared explorationLock speedFull tech treeHidden civsTurbo modeCheats
Victory
Defeat
🇦🇷 Varangians · Argentina
771
+17
🇺🇸 Lithuanians · United States
782
-17
infolucianodelgado
10:22 Feudal Age
11:11 Fishing Lines
14:17 Double-Bit Axe
18:33 Castle Age
20:46 Gillnets
21:30 Forging
21:26 Scale Barding Armor
26:32 Gold Mining
32:34 Imperial Age
31:12 Iron Casting
30:58 Chain Barding Armor
32:43 Fletching
34:23 Horse Collar
36:00 Chemistry
34:39 Elite Longship
37:18 Ballistics
39:16 Bodkin Arrow
42:34 Wheelbarrow
46:05 Bracer
46:29 Bow Saw
49:00 Padded Archer Armor
49:16 Siege Engineers
52:49 Medium Warships
54:06 Two-Man Saw
56:24 Hand Cart
56:33 Clinker Construction
59:22 Heavy Warships
63:31 Cavalier
64:12 Husbandry
64:24 Bloodlines
65:47 Vendel Legacy
Foster
11:45 Feudal Age
18:29 Castle Age
16:52 Gold Mining
18:59 Pikeman
19:40 Squires
20:33 Forging
21:37 Double-Bit Axe
26:01 Bloodlines
25:52 Husbandry
27:55 Medium Warships
36:35 Imperial Age
36:31 Wheelbarrow
35:41 Loom
35:42 Town Watch
38:13 Conscription
38:10 Light Cavalry
40:18 Iron Casting
39:49 Scale Barding Armor
39:40 Elite Leitis
42:34 Hand Cart
49:26 Bow Saw
54:17 Chemistry
53:29 Masonry
53:00 Treadmill Crane
53:58 Heavy Warships
54:29 Elite Cannon Galleon
59:20 Fletching
59:31 Padded Archer Armor
60:44 Fletching
60:54 Padded Archer Armor
61:16 Chain Barding Armor
Connection lost

Rejoining the realm…

Still unreachable

The connection could not be restored.

Session expired

The server has moved on; the page needs a fresh start.